 Dungeon Crawl Stone Soup version 0.28.0-43-g3370ac3207 (webtiles) character file.

Game seed: 16559585027975483629

49116 Peloso the Fencer (level 14, -6/133 HPs)
             Began as a Minotaur Fighter on Feb 28, 2022.
             Was a High Priest of Okawaru.
             Mangled by an entropy weaver (9 damage)
             ... on level 5 of the Lair of Beasts on Mar 1, 2022.
             The game lasted 00:50:54 (24838 turns).

Peloso the Fencer (Minotaur Fighter)               Turns: 24838, Time: 00:51:03

Health: -6/133     AC:  3    Str: 24    XL:     14   Next: 14%
Magic:  15/15      EV: 12    Int:  5    God:    Okawaru [*****.]
Gold:   1054       SH:  8    Dex: 24    Spells: 13/13 levels left

rFire   + . .      SeeInvis .   a - +4 scimitar (vamp)
rCold   + . .      Faith    .   c - +0 buckler
rNeg    . . .      Spirit   .   R - +3 chain mail of the Chupacabra {Dex+6}
rPois   .          Reflect  .   L - +1 hat {Stlth+}
rElec   .          Harm     .   Q - scarf {rC+ rF+}
rCorr   .          Rampage  .   (no gloves)
Will    +....                   W - +1 pair of boots {Fly}
Stlth   ..........              (no amulet)
HPRegen 0.32/turn               h - +4 ring of protection
MPRegen 0.14/turn               x - +6 ring of dexterity

@: corroded, flying
A: horns 2, retaliatory headbutt
a: Renounce Religion, Heroism, Finesse, Duel


You were on level 5 of the Lair of Beasts.
You worshipped Okawaru.
Okawaru was extremely pleased with you.
You visited 3 branches of the dungeon, and saw 19 of its levels.
You also visited: Bailey and Ice Cave.

You collected 1166 gold pieces.
You spent 112 gold pieces at shops.

Inventory:

Hand Weapons
 a - a +4 vampiric scimitar (weapon)
 b - a +2 dagger of flaming
 A - a +2 hand crossbow of freezing
Armour
 c - a +0 buckler (worn)
 o - a +1 plate armour of willpower
 r - a +0 chain mail of fire resistance
 L - a +1 hat of stealth (worn)
 Q - a scarf of resistance (worn)
 R - the +3 chain mail of the Chupacabra (worn) {Dex+6}
   (Okawaru gifted it to you on level 1 of the Lair of Beasts)

   Dex:       It affects your dexterity (+6).
 W - a +1 pair of boots of flying (worn)
Jewellery
 d - the ring of the Crown {+Blink rElec rPois rC+ Str-4}
   (You found it in an ice cave)

   [ring of poison resistance]

   Str:       It affects your strength (-4).
   rC:        It protects you from cold.
   rElec:     It insulates you from electricity.
   rPois:     It protects you from poison.
   +Blink:    It lets you blink.
 h - a +4 ring of protection (left hand)
 w - a ring of resist corrosion
 x - a +6 ring of dexterity (right hand)
 B - a +6 ring of dexterity
 K - a ring of willpower
 S - a ring of flight
 U - a +6 ring of strength
Wands
 z - a wand of paralysis (4)
 G - a wand of acid (12)
 H - a wand of polymorph (1)
 I - a wand of iceblast (11)
 O - a wand of flame (27)
 X - a wand of mindburst (6)
Scrolls
 e - 10 scrolls of teleportation
 f - 4 scrolls of noise
 j - 6 scrolls of fog
 n - 4 scrolls of enchant armour
 p - 4 scrolls of blinking
 s - a scroll of holy word
 u - 6 scrolls of immolation
 v - a scroll of amnesia
 y - 3 scrolls of enchant weapon
 D - 3 scrolls of summoning
 J - a scroll of brand weapon {unknown}
 N - 5 scrolls of silence {unknown}
 P - 2 scrolls of magic mapping {unknown}
 T - a scroll of acquirement {unknown}
 V - 8 scrolls of identify
Potions
 g - 7 potions of curing
 i - 2 potions of berserk rage
 k - 7 potions of heal wounds
 l - a potion of mutation
 m - 2 potions of brilliance {unknown}
 q - 4 potions of haste {unknown}
 t - 3 potions of invisibility {unknown}
 C - 3 potions of magic
 E - 4 potions of cancellation {unknown}
 F - 2 potions of resistance
 M - a potion of flight {unknown}


   Skills:
 + Level 14.4 Fighting
 + Level 4.0(10.9) Short Blades
 + Level 16.8(17.0) Long Blades
 + Level 14.3 Armour
 + Level 5.3 Dodging
 + Level 1.8 Stealth
 + Level 12.5 Shields
 + Level 3.2 Invocations


You had 13 spell levels left.
You didn't know any spells.
Your spell library contained the following spells:

 Spells                   Type           Power      Damage    Failure   Level
 Apportation              Tloc           0%         N/A       95%         1
 Freeze                   Ice            0%         1d3       95%         1
 Pain                     Necr           0%         1d4       95%         1
 Poisonous Vapours        Pois/Air       0%         N/A       99%         2
 Static Discharge         Conj/Air       0%         N/A       99%         2
 Sublimation of Blood     Necr           0%         N/A       99%         2
 Wereblood                Tmut           0%         N/A       99%         2
 Confusing Touch          Hex            0%         N/A       100%        3
 Frozen Ramparts          Ice            0%         1d2       100%        3
 Mephitic Cloud           Conj/Pois/Air  0%         N/A       100%        3
 Vampiric Draining        Necr           0%         2d6       100%        3
 Fulminant Prism          Conj/Hex       0%         3d6       100%        4
 Hailstorm                Conj/Ice       0%         3d3       100%        4
 Iskenderun's Mystic Bla  Conj/Tloc      0%         2d3       100%        4
 Passage of Golubria      Tloc           0%         N/A       100%        4
 Agony                    Necr           0%         N/A       100%        5
 Alistair's Intoxication  Tmut/Pois      0%         N/A       100%        5
 Excruciating Wounds      Necr           0%         N/A       100%        5
 Irradiate                Conj/Tmut      0%         3d13      100%        5
 Lee's Rapid Deconstruct  Erth           0%         3d5*      100%        5
 Yara's Violent Unravell  Hex/Tmut       0%         3d3       100%        5
 Eringya's Noxious Bog    Tmut/Pois      0%         N/A       100%        6
 Chain Lightning          Conj/Air       0%         N/A       100%        9
 Animate Skeleton         Necr           Unusable   N/A       N/A         1
 Summon Small Mammal      Summ           Unusable   N/A       N/A         1
 Tukima's Dance           Hex            Unusable   N/A       N/A         3
 Summon Forest            Summ/Tloc      Unusable   N/A       N/A         5
 Summon Hydra             Summ           Unusable   N/A       N/A         7

Dungeon Overview and Level Annotations

Branches:
Dungeon (13/15)            Temple (1/1) D:4            Lair (5/6) D:9
 Shoals (0/4) Lair:3        Snake (0/4) Lair:4          Orc (0/2) D:12
 Vaults (0/5) D:13         Bailey (visited)           IceCv (visited)
  Slime: Lair:5-6

Altars:
Dithmenos
Elyvilon
Hepliaklqana
Nemelex Xobeh
Okawaru
Ru
Trog
Uskayaw
Vehumet
Yredelemnul
The Shining One

Shops:
D:3 (   D:4 [[*!(

Annotations:
Lair:1 1 runed translucent door, DearestLeader's ghost, journeyman GnWn
Lair:4 4 transporters, Ceyroiss's ghost, journeyman HuWn


Innate Abilities, Weirdness & Mutations

You have a pair of horns on your head.
You reflexively headbutt those who attack you in melee.


Message History

You block the entropy weaver's attack.
The entropy weaver hits you but does no damage.
The entropy weaver hits you!
The entropy weaver hits you but does no damage.
You hit the entropy weaver but do no damage.
The entropy weaver is almost dead.
The entropy weaver casts a spell at you.
The entropic weave corrodes you!
You slash the entropy weaver!
You feel better.
You headbutt the entropy weaver, but do no damage.
The entropy weaver is almost dead.
The entropy weaver hits you. The entropy weaver hits you!
You block the entropy weaver's attack. The entropy weaver hits you.
You closely miss the entropy weaver.
The entropy weaver is almost dead.
The entropy weaver hits you but does no damage.
The entropy weaver hits you. x2; The entropy weaver barely misses you.
You hit the entropy weaver but do no damage.
You headbutt the entropy weaver, but do no damage.
The entropy weaver is almost dead.
You closely miss the entropy weaver.
The entropy weaver is almost dead.
The entropy weaver gestures at you while chanting.
The entropic weave corrodes you!
You hit the entropy weaver but do no damage.
The entropy weaver is almost dead.
You block the entropy weaver's attack. The entropy weaver hits you!
* * * LOW HITPOINT WARNING * * *
The entropy weaver hits you.
* * * LOW HITPOINT WARNING * * *
The entropy weaver hits you!
* * * LOW HITPOINT WARNING * * *
You hit the entropy weaver.
The entropy weaver is almost dead.
The entropy weaver hits you!
* * * LOW HITPOINT WARNING * * *
The entropy weaver hits you.
* * * LOW HITPOINT WARNING * * *
The entropy weaver hits you!
You die...

.......# #...............
.......# #.#...............
.......# #.#...............
§......# #.#...............
§≈.....# #÷#..#............
≈≈≈≈..°# #.#...............
≈≈....°# #.#...............
≈≈.....#########B#...#..#........
≈......'.......÷@#PP##...#.......
≈.....############PP...#.........
....°○......P....................
.......................P.........
...................#.....#.......
..................##.............
......#P........(..#...P#........
.#.§.##...#..##.P................
..###.##.#.#######...............


You could see an entropy weaver.

Vanquished Creatures
  Gastronok (D:10)
  5 vault guards (D:13)
  5 hydras
  2 boulder beetles
  4 two-headed ogres
  2 centaur warriors
  2 ogre magi (D:13)
  3 death yaks (Lair:3)
  Nergalle (Lair:2)
  2 fire crabs (Lair:5)
  An orc knight (Bailey)
  A deep elf pyromancer (D:13)
  2 ugly things
  2 manticores
  A cyclops (D:13)
  4 black mambas
  Joseph (D:7)
  5 elephants (Lair:5)
  2 ice statues (IceCv)
  8 cane toads
  A gargoyle (D:13)
  4 kobold demonologists
  2 unseen horrors (D:12)
  2 rime drakes
  2 yaktaurs (D:13)
  A freezing wraith (IceCv)
  6 komodo dragons
  A polar bear (Lair:5)
  3 trolls
  A wolf spider simulacrum (D:9)
  A wind drake (shapeshifter) (D:13)
  2 hornets (D:9)
  5 slime creatures (D:12)
  4 blink frogs (Lair:4)
  Sigmund (D:4)
  A vampire (D:12)
  3 wraiths
  3 wyverns
  5 basilisks
  A dire elephant simulacrum (IceCv)
  23 yaks
  Menkaure (D:7)
  3 steam dragons
  An acid dragon (D:12)
  19 water moccasins
  A sky beast (D:7)
  8 orc warriors
  A hornet zombie (D:5)
  2 ice beasts (D:8)
  2 black bears
  2 necrophages
  3 ogres
  11 wolves (Lair:3)
  11 centaurs
  6 kobold brigands
  18 bullfrogs
  3 scorpions (D:5)
  A water moccasin zombie (D:7)
  2 elephant simulacra (IceCv)
  10 killer bees
  A wight (D:9)
  2 electric eels (D:8)
  8 howler monkeys
  6 crimson imps (D:11)
  4 centaur zombies
  3 jellies
  2 bullfrog skeletons
  7 orc priests
  2 hounds
  A gnoll shaman (D:8)
  A scorpion zombie (D:5)
  Jessica (D:13)
  2 iguanas
  11 orc wizards
  A wolf simulacrum (IceCv)
  A howler monkey zombie (D:10)
  3 adders
  10 gnolls (Bailey)
  3 shadow imps
  16 white imps
  3 worms
  43 orcs
  6 ball pythons
  6 bats
  6 endoplasms
  2 giant cockroaches
  11 goblins
  11 hobgoblins
  3 jackals (D:1)
  2 quokkas (D:1)
  3 frilled lizards
  55 kobolds
  7 rats
474 creatures vanquished.

Vanquished Creatures (others)
  A kobold (D:10)
  18 fungi
  93 plants
112 creatures vanquished.

Grand Total: 586 creatures vanquished

Notes
Turn   | Place    | Note
-------+----------+-------------------------------------------
     0 | D:1      | Peloso the Minotaur Fighter began the quest for the Orb.
     0 | D:1      | Reached XP level 1. HP: 19/19 MP: 0/0
   132 | D:1      | Reached XP level 2. HP: 26/27 MP: 1/1
   414 | D:1      | Found a faded altar of an unknown god.
   576 | D:1      | Reached XP level 3. HP: 33/33 MP: 2/2
   783 | D:2      | Reached skill level 1 in Dodging
  1097 | D:2      | Reached skill level 3 in Long Blades
  1638 | D:2      | Reached XP level 4. HP: 41/41 MP: 3/3
  1781 | D:3      | Noticed a necrophage
  1796 | D:3      | Killed a necrophage
  1797 | D:3      | Reached skill level 4 in Long Blades
  1797 | D:3      | Reached XP level 5. HP: 47/47 MP: 4/4
  2129 | D:3      | Found Gowon's Antique Weapon Shoppe.
  2418 | D:4      | Found Horaipegh's Weapon Shoppe.
  2455 | D:4      | Found a staircase to the Ecumenical Temple.
  2471 | D:4      | Noticed Sigmund
  2483 | D:4      | Killed Sigmund
  2484 | D:4      | Reached skill level 5 in Fighting
  2484 | D:4      | Reached skill level 5 in Long Blades
  2484 | D:4      | Reached skill level 5 in Armour
  2484 | D:4      | Reached XP level 6. HP: 42/56 MP: 5/5
  2490 | Temple   | Entered the Ecumenical Temple
  2723 | Temple   | Became a worshipper of Warmaster Okawaru
  2795 | D:4      | Found Tesimag's Assorted Antiques.
  2804 | D:4      | Found Rusm's Armour Boutique.
  2992 | D:4      | Found Veofoirgh's Distillery.
  3003 | D:4      | Bought a potion of heal wounds for 70 gold pieces
  3003 | D:4      | Bought a potion of curing for 42 gold pieces
  3112 | D:4      | Found Zear's Armour Emporium.
  3240 | D:5      | Entered Level 5 of the Dungeon
  3250 | D:5      | Reached XP level 7. HP: 55/61 MP: 6/6
  3266 | D:5      | Reached skill level 6 in Long Blades
  3559 | D:5      | Got the Disquisition on the Fetching Birds
  3566 | D:5      | Reached * piety under Okawaru
  3567 | D:5      | Reached skill level 5 in Shields
  3829 | D:4      | Reached XP level 8. HP: 22/71 MP: 5/7
  3843 | D:4      | Reached skill level 7 in Long Blades
  4462 | D:5      | Found a bloodstained altar of Trog.
  5142 | D:6      | Reached skill level 8 in Long Blades
  6039 | D:7      | Reached skill level 9 in Long Blades
  6062 | D:7      | Noticed Menkaure
  6069 | D:7      | Killed Menkaure
  6069 | D:7      | Reached ** piety under Okawaru
  6070 | D:7      | Reached XP level 9. HP: 41/79 MP: 8/8
  6510 | D:7      | Got the Tome of Cankerous Conjuration
  6766 | D:7      | Noticed Joseph
  6819 | D:7      | Killed Joseph
  6820 | D:7      | Reached skill level 10 in Long Blades
  8054 | D:8      | Reached *** piety under Okawaru
  8093 | D:8      | Reached skill level 11 in Long Blades
  8816 | D:8      | Reached XP level 10. HP: 89/89 MP: 9/9
  9263 | D:9      | Found a flagged portal.
  9320 | Bailey   | Entered a bailey
  9535 | Bailey   | Noticed an orc knight
  9549 | Bailey   | Killed an orc knight
  9549 | Bailey   | Received a gift from Okawaru
  9556 | Bailey   | HP: 3/83 [gnoll/+0 halberd of draining (3)]
 10098 | D:9      | Paralysed by a hornet for 3 turns
 10103 | D:9      | Paralysed by a hornet for 1 turns
 10105 | D:9      | Reached skill level 1 in Stealth
 10509 | D:9      | Found a staircase to the Lair.
 10921 | D:9      | Noticed a sun demon
 10925 | D:9      | Noticed an orange demon
 11156 | D:9      | Reached skill level 1 in Invocations
 11409 | D:9      | Reached skill level 12 in Long Blades
 11482 | D:9      | Reached **** piety under Okawaru
 11658 | D:10     | Entered Level 10 of the Dungeon
 11667 | D:10     | Reached skill level 10 in Armour
 11711 | D:10     | Noticed Gastronok
 11884 | D:10     | Killed Gastronok
 11885 | D:10     | Reached skill level 13 in Long Blades
 11885 | D:10     | Reached XP level 11. HP: 55/99 MP: 8/11
 12073 | D:10     | Noticed a two-headed ogre
 12082 | D:10     | Killed a two-headed ogre
 12534 | D:10     | Noticed a two-headed ogre
 12541 | D:10     | Killed a two-headed ogre
 12542 | D:10     | Reached skill level 10 in Fighting
 12961 | D:11     | Reached ***** piety under Okawaru
 13876 | Lair:1   | Entered Level 1 of the Lair of Beasts
 13958 | Lair:1   | Reached skill level 14 in Long Blades
 14011 | Lair:1   | Identified the +3 chain mail of the Chupacabra {Dex+6}
                  | (Okawaru gifted it to you on level 1 of the Lair of Beasts)
 14011 | Lair:1   | Received a gift from Okawaru
 14591 | Lair:1   | Noticed a four-headed hydra
 14604 | Lair:1   | Killed a four-headed hydra
 14978 | Lair:1   | Found a runed translucent door.
 14979 | Lair:1   | Identified the +6 spear of Luidib {freeze, Dex+2}
 14980 | Lair:1   | Noticed DearestLeader's ghost (journeyman GnWn)
 14981 | Lair:1   | Noticed a spriggan rider
 15314 | Lair:2   | Reached skill level 10 in Shields
 15545 | Lair:2   | Reached XP level 12. HP: 68/110 MP: 12/12
 15772 | Lair:2   | Noticed a seven-headed hydra
 15795 | Lair:2   | Killed a seven-headed hydra
 16097 | Lair:2   | Noticed a five-headed hydra
 16101 | Lair:2   | Reached skill level 1 in Short Blades
 16116 | Lair:2   | Killed a seven-headed hydra
 16490 | Lair:2   | Noticed a five-headed hydra
 16506 | Lair:2   | Killed a five-headed hydra
 16656 | Lair:2   | Noticed Nergalle
 16666 | Lair:2   | Killed Nergalle
 17092 | Lair:3   | Noticed a death yak
 17093 | Lair:3   | Noticed a death yak
 17093 | Lair:3   | Noticed a death yak
 17112 | Lair:3   | Killed a death yak
 17113 | Lair:3   | Reached skill level 15 in Long Blades
 17118 | Lair:3   | Killed a death yak
 17126 | Lair:3   | Killed a death yak
 17414 | Lair:3   | Received a gift from Okawaru
 17876 | Lair:3   | Found a staircase to the Shoals.
 18231 | Lair:3   | Received a gift from Okawaru
 18439 | Lair:4   | Noticed Ceyroiss's ghost (journeyman HuWn)
 18446 | Lair:4   | Found a transporter.
 18448 | Lair:4   | Found a transporter.
 18471 | Lair:4   | Found a transporter.
 18501 | Lair:4   | Found a transporter.
 18555 | Lair:4   | Found a staircase to the Snake Pit.
 18669 | Lair:4   | Found a frozen archway.
 18709 | IceCv    | Entered an ice cave
 18715 | IceCv    | Found a transporter.
 19056 | IceCv    | Found a transporter.
 19073 | IceCv    | Reached XP level 13. HP: 89/119 MP: 12/14
 19074 | IceCv    | Identified the ring of the Crown {+Blink rElec rPois rC+
                  | Str-4}
 19903 | Lair:4   | Received a gift from Okawaru
 20815 | D:12     | Found a staircase to the Orcish Mines.
 21314 | D:12     | Reached skill level 16 in Long Blades
 22606 | D:13     | Paralysed by an ogre mage for 2 turns
 22641 | D:13     | Paralysed by something for 3 turns
 22649 | D:13     | Paralysed by something for 7 turns
 23201 | D:13     | Found a gate to the Vaults.
 23361 | D:13     | Reached skill level 5 in Dodging
 23441 | D:13     | Received a gift from Okawaru
 23523 | D:13     | Found a sparkling altar of Nemelex Xobeh.
 23523 | D:13     | Noticed Jessica
 23527 | D:13     | Killed Jessica
 23936 | Lair:5   | Reached XP level 14. HP: 133/133 MP: 15/15
 24609 | Lair:5   | Found a runed translucent door.
 24838 | Lair:5   | HP: 3/133 [entropy weaver (6)]
 24838 | Lair:5   | Mangled by an entropy weaver

Illustrated notes

Levels and vault maps discovered:
D:1:      scummos_arrival_checkerplants, layout_loops_ring,
          dreamdust_ecumenical_altar_statues, wad_floor_pattern_1
D:2:      layout_rooms, kennysheep_pointless_box, roderic_roman_lattice,
          corexii_item_surrounded_by_moat, grunt_ministairs_10,
          serial_bayou_ford_a, minmay_split_cup_large
D:3:      layout_basic, serial_shops, nicolae_lakefront_shop,
          nicolae_elevator_lobby_asterisk
D:4:      layout_basic, minmay_temple_entry_mini_moons, serial_shops,
          nicolae_lakefront_shop, shop, shop, nicolae_shop_hallway_stairs,
          nicolae_lakefront_shop, nicolae_figureground_sparkle, uniq_sigmund
D:5:      layout_gridville, trog_hazing_becter, serial_park_tiny_pond
D:6:      kennysheep_kobold_camp, layout_cave_pools, serial_park,
          serial_park_square1 [serial_park_minivault_5x5_5], serial_park_tiny_2,
          serial_park_tiny_2, serial_park_tiny_pond, serial_park_gazebo
          [serial_park_minivault_5x5_8]
D:7:      layout_layer_cave, uniq_menkaure, uniq_joseph
D:8:      wad_woods_pond, layout_basic
D:9:      layout_rooms, lair_entry_dummy, enter_bailey_5, minmay_joined_circles
D:10:     layout_roguey, chequers_avenue, uniq_gastronok
D:11:     layout_long_grid, serial_rivers, chequers_serial_rivers_small_b,
          chequers_serial_rivers_micro_e, chequers_serial_rivers_micro_d,
          chequers_serial_rivers_micro_c, minmay_nine_imps
D:12:     layout_roguey, david_orc_3
D:13:     layout_cave_pods, grunt_vaults_entry_fortified,
          nemelex_lonely_heart_becter
Temple:   mainiacjoe_temple_hex_bubbles
Lair:1:   layout_roguey, ebering_ghost_funeral_grove, serial_bayou_shore_a
Lair:2:   layout_regular_city, uniq_nergalle
Lair:3:   layout_regular_city, elwin_shoals_entry_rocks, grunt_megastairs_5
Lair:4:   gammafunk_cloud_chamber, layout_regular_city,
          minmay_snake_entry_six_corridors, portal_ice_cave_entry_imps,
          gammafunk_ghost_hive
Lair:5:   gammafunk_mikee_crab_dinner, layout_cave_shapes, lemuel_old_faithful

Skill      XL: |  1  2  3  4  5  6  7  8  9 10 11 12 13 |
---------------+----------------------------------------+-----
Shields        | 4 5 6 7 9 10 11 12 | 12.5
Fighting       | 4 5 6 7 8 9 11 12 14 | 14.4
Dodging        | 1 2 3 4 5 |  5.3
Armour         | 4 5 6 7 8 10 11 13 14 | 14.3
Long Blades    | 3 4 5 6 9 11 13 14 15 16 | 16.8
Stealth        | 1 |  1.8
Invocations    | 1 2 3 |  3.2
Short Blades   | 3 4 |  4.0

Action                   |  1- 3 |  4- 6 |  7- 9 | 10-12 | 13-15 || total
-------------------------+-------+-------+-------+-------+-------++-------
Melee: Long sword        |   115 |    54 |   400 |   528 |       ||  1097
       Headbutt          |    11 |     9 |    90 |   183 |   116 ||   409
       Scimitar          |       |       |       |   164 |   410 ||   574
       Dagger            |       |       |       |    45 |    10 ||    55
Invok: Heroism           |       |       |     6 |    25 |     3 ||    34
Evoke: Wand              |       |       |     1 |       |     1 ||     2
  Use: Scroll            |       |     3 |     3 |    11 |     1 ||    18
       Potion            |       |     1 |     1 |     8 |       ||    10
 Stab: Paralysed         |       |       |     1 |       |       ||     1
Armor: Scale mail        |    65 |    25 |     5 |       |       ||    95
       Plate armour      |       |       |   282 |   209 |       ||   491
       Chain mail        |       |       |       |   181 |   257 ||   438
Dodge: Dodged            |    55 |    27 |   159 |   324 |   171 ||   736
Block: Buckler           |    39 |    10 |   128 |   275 |   157 ||   609
